[Event "Titled Tuesday Blitz March 08 Early 2022"]
[White "Kushko, Dmitriy"]
[Black "Shukhman, Anna"]
[WhiteFideId "14162261"]
[BlackFideId "54180058"]
[WhiteElo "2225"]
[BlackElo "1665"]
[Result "1-0"]
[Round "10"]
[TimeControl "180+1"]
[Date "2022.03.09"]
[WhiteClock "0:00:05"]
[BlackClock "0:00:09"]

1. Nf3 Nf6 2. g3 g6 3. Bg2 Bg7 4. c4 O-O 5. O-O d5 6. d4 c6 7. b3 a5 8. Nc3 Ne4 9. Bb2 Nxc3 10. Bxc3 a4 11. e3 Bf5 12. Qe2 Nd7 13. cxd5 cxd5 14. Qb5 axb3 15. axb3 Qc7 16. Bb4 Rxa1 17. Rxa1 Rc8 18. Qxd5 Be6 19. Qb5 Bxb3 20. Bxe7 Qc3 21. Rb1 Ba2 22. Re1 Be6 23. Qxb7 Nf6 24. Bxf6 Bxf6 25. h4 Bg4 26. Qb1 Bf5 27. Qd1 Qb2 28. e4 Bg4 29. e5 Be7 30. Qd2 Qb3 31. Re3 Qb1+ 32. Kh2 Bb4 33. Qd3 Qb2 34. Re2 Qc1 35. Qe3 Qc4 36. Rb2 Be7 37. Rb7 Bf8 38. Ng5 Rc7 39. Rxc7 Qxc7 40. Bd5 Bh6 41. Qf4 Bxg5 42. hxg5 Bf5 43. g4 Be6 44. Bxe6 fxe6 45. Qe4 Qc3 46. Kg2 Qd2 47. Qe3 Qc2 48. Kg3 Qc6 49. f3 Qd5 50. Qe4 Qc4 51. Qe3 Qd5 52. Qd2 Qc4 53. Kf2 Qd5 54. Ke3 Kf7 55. Kf4 Kg8 56. Qb2 Qc4 57. Qb8+ Kf7 58. Qb7+ Kg8 59. Qa8+ Kg7 60. Qe4 Qc1+ 61. Qe3 Qc4 62. Kg3 Qc2 63. Qf4 Qc4 64. Qf6+ Kg8 65. Qd8+ Kg7 66. d5 exd5 67. Qf6+ Kg8 68. Qd8+ Kg7 69. e6 Qd4 70. e7 Qe5+ 71. Kh3 Qf4 72. Qxd5 Qe3 73. Qe4 Qg1 74. Qe2 Qh1+ 75. Kg3 Qg1+ 76. Kf4 Qd4+ 77. Qe4 Qd2+ 78. Kg3 Qd6+ 79. Kh3 Qd1 80. Qe5+ 1-0


[Site "https://www.chess.com"]

[Event "Titled Tuesday Blitz March 08 Early 2022"]
[White "Lazavik, Denis"]
[Black "Alonso Rosell, Alvar"]
[WhiteFideId "13515110"]
[BlackFideId "2270544"]
[WhiteElo "2437"]
[BlackElo "2474"]
[Result "1-0"]
[Round "10"]
[TimeControl "180+1"]
[Date "2022.03.08"]
[WhiteClock "0:00:06"]
[BlackClock "0:00:03"]

1. d4 Nf6 2. c4 e6 3. Nf3 d5 4. g3 dxc4 5. Bg2 c6 6. a4 Bb4+ 7. Bd2 a5 8. O-O O-O 9. Bg5 h6 10. Bxf6 Qxf6 11. Qc2 Rd8 12. Qxc4 c5 13. dxc5 Qxb2 14. Ra2 Qf6 15. Nbd2 Bd7 16. Ne4 Qe7 17. Ne5 Bc6 18. Nxc6 Nxc6 19. Nd6 Rab8 20. Rc2 Qc7 21. e3 Rd7 22. Qe4 Nd8 23. Nb5 Qc8 24. Qf4 Nc6 25. h4 Qf8 26. Rfc1 Ne7 27. Nd6 b6 28. Ne4 Nd5 29. Qe5 bxc5 30. Nxc5 Bxc5 31. Rxc5 Nb4 32. Be4 Rbd8 33. Rxa5 Na2 34. Rc4 Qa3 35. Kg2 Rd2 36. Ra8 Rxa8 37. Bxa8 Rd8 38. Be4 Nb4 39. Qc5 Rb8 40. Qc8+ Rxc8 41. Rxc8# 1-0


[Site "https://www.chess.com"]

[Event "Titled Tuesday Blitz March 08 Early 2022"]
[White "Leve, Nitai"]
[Black "Thomas, Anysia"]
[WhiteFideId "2006898"]
[BlackFideId "670472"]
[WhiteElo "2144"]
[BlackElo "2002"]
[Result "1-0"]
[Round "10"]
[TimeControl "180+1"]
[Date "2022.03.09"]
[WhiteClock "0:01:13"]
[BlackClock "0:00:03"]

1. e4 c5 2. Nf3 g6 3. d4 cxd4 4. Nxd4 Nc6 5. Nc3 Bg7 6. Be3 Nf6 7. Be2 O-O 8. f4 d5 9. e5 Ne4 10. Nxe4 Nxd4 11. Qxd4 dxe4 12. Qxe4 Bf5 13. Qxb7 Qa5+ 14. b4 Qa3 15. Kf2 Rfb8 16. Qxe7 Rxb4 17. Bc5 Rxf4+ 18. Bf3 Qc3 19. Rhe1 Rc8 20. Be3 Rfc4 21. Bd5 R4c7 22. Qd6 Bxe5 23. Qa6 Qxc2+ 24. Re2 Qd3 25. Qxd3 Bxd3 26. Rd1 Bxe2 27. Kxe2 Rc2+ 28. Kf3 Kg7 29. Bb3 R2c3 30. Rd5 Bf6 31. Rd7 R8c7 32. Rd5 h6 33. Ke2 Re7 34. Rd3 Rxd3 35. Kxd3 Rd7+ 36. Kc4 Re7 37. Bc5 Re2 38. Bxa7 Rxg2 39. a4 Rxh2 40. a5 Rh4+ 41. Kb5 Rh5+ 42. Ka4 Rh4+ 43. Kb5 Rh5+ 44. Ka4 Rh1 45. a6 Ra1+ 46. Kb5 Be5 47. Bc5 Bb8 48. Bd4+ Kh7 49. Bxa1 Ba7 50. Bxf7 h5 51. Kc6 h4 52. Kb7 Be3 53. Be5 h3 54. Be6 g5 55. Bxh3 Kh6 56. Bc7 Kh5 57. Bb6 Bxb6 58. Kxb6 g4 59. Bxg4+ Kxg4 60. a7 1-0


[Site "https://www.chess.com"]

[Event "Titled Tuesday Blitz March 08 Early 2022"]
[White "Madaminov, Mukhiddin"]
[Black "Kozak, Antoni"]
[WhiteFideId "14210703"]
[BlackFideId "21832030"]
[WhiteElo "1916"]
[BlackElo "2236"]
[Result "0-1"]
[Round "10"]
[TimeControl "180+1"]
[Date "2022.03.08"]
[WhiteClock "0:00:02"]
[BlackClock "0:00:29"]

1. e4 c5 2. Nf3 d6 3. d4 Nf6 4. Nc3 cxd4 5. Nxd4 a6 6. h3 e5 7. Nde2 b5 8. g4 Bb7 9. Bg2 b4 10. Nd5 Nxd5 11. exd5 Be7 12. O-O O-O 13. a3 bxa3 14. Rxa3 Nd7 15. Be3 a5 16. c4 Qc7 17. b3 a4 18. bxa4 Qxc4 19. Rc3 Qxa4 20. Rc7 Qxd1 21. Rxd1 Bc8 22. Rdc1 Bh4 23. R1c6 Nf6 24. g5 Ba6 25. Ng3 Bxg3 26. fxg3 Ne8 27. Ra7 Rxa7 28. Bxa7 Bb5 29. Rb6 Bd3 30. Bb8 f6 31. Bxd6 Nxd6 32. Rxd6 f5 33. Kf2 Rb8 34. Ke3 Rb3 35. Kd2 e4 36. Ke1 e3 37. Rd8+ Kf7 0-1


[Site "https://www.chess.com"]

[Event "Titled Tuesday Blitz March 08 Early 2022"]
[White "Manelyuk, Daniil"]
[Black "Csonka, Balazs"]
[WhiteFideId "44173920"]
[BlackFideId "742910"]
[WhiteElo "2222"]
[BlackElo "2404"]
[Result "1/2-1/2"]
[Round "10"]
[TimeControl "180+1"]
[Date "2022.03.09"]
[WhiteClock "0:00:08"]
[BlackClock "0:00:06"]

1. e4 e6 2. d4 d5 3. Nd2 Nf6 4. e5 Nfd7 5. Ngf3 c5 6. c3 Nc6 7. Bd3 Be7 8. O-O g5 9. dxc5 g4 10. Nd4 Ndxe5 11. Bb5 Bd7 12. Re1 Bxc5 13. N2b3 Bb6 14. Bxc6 Nxc6 15. Qxg4 Qf6 16. Bg5 Qg6 17. Nxc6 bxc6 18. Qg3 Rg8 19. Bf4 Qxg3 20. Bxg3 f6 21. Nd4 Kf7 22. Rad1 e5 23. Nc2 h5 24. Kf1 Rg4 25. f3 Ra4 26. a3 Rb8 27. b3 Ra6 28. Ra1 Bc7 29. Nb4 Rab6 30. Bf2 R6b7 31. Nd3 Bb6 32. b4 Bf5 33. Nc5 Bxc5 34. Bxc5 a6 35. Kf2 Rd7 36. Rad1 Rbd8 37. Rd2 Rc8 38. h3 Be6 39. f4 e4 40. a4 Rg8 41. Rb1 Rb7 42. b5 axb5 43. axb5 Rxb5 44. Rxb5 cxb5 45. Ra2 Rc8 46. Ra7+ Kg6 47. Bd4 Rc4 48. Rb7 b4 49. Rxb4 Rxb4 50. cxb4 Bd7 51. Ke3 Bb5 52. g4 hxg4 53. hxg4 Bd7 54. Kf2 Bxg4 55. b5 Bd7 56. b6 Bc6 57. Ke3 Kf5 58. Bc3 Ke6 59. Bd4 Kf5 60. Bc3 Bb7 61. Bd4 Kg6 62. Bc3 f5 63. Be5 Kh5 64. Bd4 Kg4 65. Bc5 Kg3 66. Bd4 Kg4 67. Bc5 Ba8 68. Bd4 Bc6 69. Bc5 Kg3 70. Bd4 Kh4 71. Bc5 Kg4 72. Bd4 Bb7 1/2-1/2


[Site "https://www.chess.com"]

[Event "Titled Tuesday Blitz March 08 Early 2022"]
[White "Manukian, Artak"]
[Black "Nguyen, Thien Ngan"]
[WhiteFideId "13301373"]
[BlackFideId "12414816"]
[WhiteElo "2515"]
[BlackElo "1917"]
[Result "0-1"]
[Round "10"]
[TimeControl "180+1"]
[Date "2022.03.09"]
[WhiteClock "0:00:05"]
[BlackClock "0:00:48"]

1. e4 e5 2. Nf3 Nc6 3. d4 exd4 4. Nxd4 Bc5 5. Nxc6 bxc6 6. Bd3 d5 7. O-O Ne7 8. Qh5 O-O 9. exd5 g6 10. Qh6 cxd5 11. Bg5 Qd6 12. Nc3 Nf5 13. Bxf5 Bxf5 14. Rad1 c6 15. Rd2 Rfe8 16. Qh4 Bb4 17. a3 Ba5 18. b4 Bc7 19. b5 Ba5 20. Qd4 c5 21. Qxd5 Qxd5 22. Nxd5 Bxd2 23. Bxd2 Red8 24. Nf6+ Kg7 25. Bc3 Kh6 26. g4 Bxc2 27. f4 Rd3 28. g5+ Kg7 29. Be5 c4 30. Nd7+ Kg8 31. Nf6+ Kf8 32. Nxh7+ Ke7 33. Re1 Rd1 34. Rxd1 Bxd1 35. Nf6 Bf3 36. Kf2 Bb7 37. Ke3 Rd8 38. Ne4 Rd3+ 39. Ke2 Bxe4 0-1


[Site "https://www.chess.com"]

[Event "Titled Tuesday Blitz March 08 Early 2022"]
[White "Martin Duque, Jesus"]
[Black "Kuderinov, Kirill"]
[WhiteFideId "2208954"]
[BlackFideId "13701568"]
[WhiteElo "2243"]
[BlackElo "2432"]
[Result "0-1"]
[Round "10"]
[TimeControl "180+1"]
[Date "2022.03.09"]
[WhiteClock "0:00:06"]
[BlackClock "0:00:26"]

1. e4 c5 2. Nf3 Nc6 3. d4 cxd4 4. Nxd4 e5 5. Nb5 d6 6. c4 a6 7. N5c3 Be6 8. Nd5 Nf6 9. Nbc3 Be7 10. Be2 O-O 11. O-O Rc8 12. Be3 Nd7 13. Rc1 Bg5 14. b3 Bxe3 15. Nxe3 Nc5 16. a3 Nd4 17. b4 Ncb3 18. Rb1 Nxe2+ 19. Qxe2 Nd4 20. Qd3 Qg5 21. f4 exf4 22. Ned5 f3 23. g3 Nc6 24. Qxf3 Ne5 25. Qf4 Qd8 26. c5 Ng6 27. Qxd6 Qg5 28. Rbd1 h5 29. Nf4 Rcd8 30. Nxe6 fxe6 31. Rxf8+ Rxf8 32. Qd2 Qe5 33. Qd4 Qg5 34. Rf1 Rd8 35. Qf2 h4 36. Ne2 Rd2 37. Qf7+ Kh7 38. Nf4 hxg3 39. Qxg6+ Qxg6 40. Nxg6 gxh2+ 41. Kh1 Kxg6 42. Rc1 Rb2 43. c6 bxc6 44. Rxc6 Kf6 45. Rxa6 g5 46. Ra8 Kg7 47. b5 g4 48. a4 g3 49. b6 Rb1+ 50. Kg2 h1=Q+ 51. Kxg3 Qg1+ 52. Kf4 Qh2+ 53. Ke3 Rb3+ 54. Kd4 Qd6+ 55. Kc4 Qb4# 0-1


[Site "https://www.chess.com"]

[Event "Titled Tuesday Blitz March 08 Early 2022"]
[White "Martinez Alcantara, Jose Eduardo"]
[Black "Sanal, Vahap"]
[WhiteFideId "3805662"]
[BlackFideId "6300545"]
[WhiteElo "2690"]
[BlackElo "2603"]
[Result "1-0"]
[Round "10"]
[TimeControl "180+1"]
[Date "2022.03.08"]
[WhiteClock "0:00:15"]
[BlackClock "0:00:05"]

1. e4 d6 2. d4 Nf6 3. Bd3 e5 4. c3 Nc6 5. Nf3 g6 6. h3 Bg7 7. O-O O-O 8. Nbd2 Re8 9. Re1 a6 10. a3 a5 11. Bc2 exd4 12. cxd4 Nd7 13. Nf1 Nb6 14. Bg5 Bf6 15. Bf4 a4 16. Ne3 Bd7 17. Rc1 Bg7 18. Bg5 Qb8 19. Bb1 Ra5 20. Bf4 Qd8 21. d5 Ne5 22. Nxe5 dxe5 23. Bg3 Rb5 24. Qe2 h5 25. f3 Nc8 26. Bd3 Ra5 27. Qc2 c6 28. dxc6 bxc6 29. Kh1 Ra8 30. Rcd1 Qg5 31. Bf2 Qe7 32. Nc4 Be6 33. Bf1 h4 34. Be3 Bf6 35. Qc1 Kg7 36. Qc3 Bxc4 37. Bxc4 Nd6 38. Bc5 Red8 39. Qb4 Rac8 40. Bxd6 1-0


[Site "https://www.chess.com"]

[Event "Titled Tuesday Blitz March 08 Early 2022"]
[White "Matinian, Nikita"]
[Black "Skliarov, Viktor"]
[WhiteFideId "24129100"]
[BlackFideId "14106736"]
[WhiteElo "2422"]
[BlackElo "2229"]
[Result "0-1"]
[Round "10"]
[TimeControl "180+1"]
[Date "2022.03.08"]
[WhiteClock "0:00:02"]
[BlackClock "0:00:03"]

1. e4 c5 2. Nc3 Nc6 3. Bb5 Nd4 4. Nf3 g6 5. O-O Bg7 6. Re1 Nxb5 7. Nxb5 a6 8. Nc3 b5 9. e5 Nh6 10. Ne4 Qb6 11. d4 cxd4 12. Nf6+ Kf8 13. Nd5 Qc5 14. Qxd4 Qxd4 15. Nxd4 Bb7 16. Nb6 Rd8 17. a4 b4 18. Bd2 d6 19. Bxb4 Bxe5 20. c3 Nf5 21. Rad1 Kg7 22. Nc4 Nxd4 23. cxd4 Bf6 24. Ne3 Rb8 25. Bc3 Bc6 26. a5 Rb5 27. Ng4 Bd5 28. Nxf6 Kxf6 29. Rd3 e6 30. g4 h5 31. Rh3 h4 32. f4 g5 33. Rf1 gxf4 34. Rxf4+ Kg6 35. Re3 Rb3 36. Kf2 Rc8 37. h3 Rc4 38. Kg1 Ra4 39. Rf1 Ra2 40. Ree1 Rxc3 41. bxc3 Rg2+ 42. Kh1 Rxg4+ 43. Kh2 Rg2+ 44. Kh1 Rg3+ 45. Kh2 Rg2+ 46. Kh1 Rc2+ 47. Kg1 Rxc3 48. Rf4 Rxh3 49. Kf2 f5 50. Rg1+ Kf6 51. Ke2 Rh2+ 52. Rf2 Bc4+ 53. Ke1 Rh3 54. Rg8 Ra3 55. Rh8 h3 56. Rc2 Ra1+ 57. Kf2 Bf1 58. Rcc8 Bg2 59. Rh5 Kg6 60. Rh6+ Kxh6 61. Re8 Kg5 62. Kg3 f4+ 63. Kh2 Kf5 64. Rf8+ Ke4 0-1


[Site "https://www.chess.com"]

[Event "Titled Tuesday Blitz March 08 Early 2022"]
[White "Mekhitarian, Krikor Sevag"]
[Black "Kuzmin, Roman"]
[WhiteFideId "2107660"]
[BlackFideId "44134932"]
[WhiteElo "2598"]
[BlackElo "1978"]
[Result "1-0"]
[Round "10"]
[TimeControl "180+1"]
[Date "2022.03.09"]
[WhiteClock "0:00:12"]
[BlackClock "0:00:03"]

1. e4 c5 2. Nf3 d6 3. d4 cxd4 4. Nxd4 Nf6 5. Nc3 a6 6. a3 e5 7. Nf5 d5 8. Bg5 d4 9. Bxf6 gxf6 10. Na2 Bxf5 11. exf5 Qd5 12. Be2 e4 13. f3 e3 14. Qd3 Nc6 15. c4 Qe5 16. O-O O-O-O 17. f4 Qc7 18. b4 Bh6 19. g3 Rhg8 20. Kh1 Bf8 21. Nc1 a5 22. Bf3 Kb8 23. c5 axb4 24. axb4 Nxb4 25. Qa3 Na6 26. Nd3 Bxc5 27. Qa2 Bb6 28. Rfc1 Qe7 29. Rcb1 Rd6 30. Qa3 Qd7 31. Rc1 Rc8 32. Rxc8+ Kxc8 33. Rc1+ Kb8 34. Rb1 Qc7 35. Qa2 Nc5 36. Nb4 Na6 37. Nd5 Qd7 38. Nxb6 Qd8 39. Nc4 d3 40. Nxd6 Qxd6 41. Rxb7+ Kc8 42. Qxf7 d2 43. Qe8+ Qd8 44. Qe6+ Qd7 45. Qxd7# 1-0


[Site "https://www.chess.com"]

[Event "Titled Tuesday Blitz March 08 Early 2022"]
[White "Mikhailov, Viacheslav"]
[Black "Molina, Roberto Junio Brito"]
[WhiteFideId "4187369"]
[BlackFideId "2109450"]
[WhiteElo "2381"]
[BlackElo "2432"]
[Result "1-0"]
[Round "10"]
[TimeControl "180+1"]
[Date "2022.03.08"]
[WhiteClock "0:00:08"]
[BlackClock "0:00:17"]

1. Nf3 d5 2. g3 Bg4 3. Bg2 Nd7 4. d4 c6 5. O-O e6 6. c4 Ngf6 7. Nc3 Be7 8. Bf4 O-O 9. h3 Bh5 10. g4 Bg6 11. Qb3 Qb6 12. c5 Qxb3 13. axb3 Ne4 14. b4 a6 15. Rfd1 f6 16. Bh2 Nxc3 17. bxc3 Be4 18. Nd2 Bxg2 19. Kxg2 f5 20. Nb3 fxg4 21. hxg4 Bh4 22. f3 Bd8 23. Ra2 Rc8 24. Rb1 Bc7 25. Bxc7 Rxc7 26. Na5 e5 27. Rd2 Re8 28. c4 dxc4 29. Nxc4 exd4 30. Kf2 Nf6 31. Rxd4 Rce7 32. e4 Rf8 33. Kg3 Kf7 34. Nd6+ Ke6 35. Nf5 Rc7 36. Rbd1 g6 37. Rd6+ Kf7 38. Nh6+ Ke7 39. g5 Nh5+ 40. Kf2 Nf4 41. Ng4 Ne6 42. Nf6 Nxg5 43. e5 Nf7 44. Nxh7 Rh8 45. e6 Rxh7 46. exf7 Kxf7 47. f4 Re7 48. Kf3 Rh3+ 49. Kg4 Rb3 50. R1d4 Rbe3 51. Rd7 Rxd7 52. Rxd7+ Re7 53. Rd8 Ke6 54. Rd6+ Kf7 55. Kg5 Re4 56. Rd7+ Ke6 57. Rxb7 Re1 58. Kxg6 Rg1+ 59. Kh5 Kf5 60. Rf7+ Ke6 61. Rc7 Kf5 62. Kh6 Rg6+ 63. Kh7 Re6 64. Rf7+ Ke4 65. f5 Re8 66. f6 Kf5 67. Kg7 Rb8 68. Rc7 Rxb4 69. f7 Rg4+ 70. Kh8 Rh4+ 71. Kg8 Rg4+ 72. Kf8 Rg6 73. Ke8 Re6+ 74. Re7 1-0


[Site "https://www.chess.com"]

[Event "Titled Tuesday Blitz March 08 Early 2022"]
[White "Mikhalsky, Vladimir"]
[Black "Ianov, Viktor"]
[WhiteFideId "14144352"]
[BlackFideId "14102730"]
[WhiteElo "2301"]
[BlackElo "2161"]
[Result "1/2-1/2"]
[Round "10"]
[TimeControl "180+1"]
[Date "2022.03.09"]
[WhiteClock "0:00:20"]
[BlackClock "0:00:30"]

1. g3 d6 2. Bg2 g6 3. f4 Bg7 4. Nf3 c5 5. O-O Nc6 6. e4 Nf6 7. Nc3 Bg4 8. h3 Bxf3 9. Qxf3 O-O 10. d3 Nd4 11. Qf2 Rb8 12. Be3 Nd7 13. Nd1 b5 14. c3 Nc6 15. d4 cxd4 16. cxd4 Na5 17. b3 e6 18. Nc3 b4 19. Na4 Nb6 20. Nxb6 axb6 21. e5 d5 22. g4 f5 23. exf6 Qxf6 24. Qd2 Nc6 25. Rad1 Rbc8 26. Kh1 Qe7 27. Bg1 Bh6 28. Bh2 Kh8 29. Qd3 Bg7 30. f5 exf5 31. gxf5 gxf5 32. Rxf5 Nxd4 33. Rxd5 Rc3 34. Qe4 Qxe4 35. Bxe4 Ne6 36. Rh5 h6 37. Bf5 Nd4 38. Bg4 Nf3 39. Rf1 Nxh2 40. Rxf8+ Bxf8 41. Kxh2 Kg7 42. Rd5 Rc2+ 43. Kg1 Bc5+ 44. Kf1 Rxa2 45. Rd7+ Kf6 46. Rh7 Kg5 47. Rf7 Rb2 48. Be6 Kg6 49. Rf3 h5 50. Bc4 Kg5 51. Ke1 Bd4 52. Kd1 Bc3 53. Be6 Rd2+ 54. Kc1 Re2 55. Bc4 Re1+ 56. Kc2 h4 57. Kd3 Rh1 58. Be6 Rg1 59. Bg4 Rg3 60. Ke4 Rxg4+ 61. hxg4 Kxg4 62. Rf8 h3 63. Rg8+ Kh4 64. Kf3 Be5 65. Rg6 Kh5 66. Re6 Bd4 67. Re4 Bc5 68. Kg3 Kg5 69. Kxh3 Kf5 70. Rc4 Ke5 71. Kg3 Kd5 72. Kf3 b5 73. Rg4 Bd4 74. Ke2 Bc3 75. Kd3 Kc5 76. Rg5+ Kc6 77. Ke4 Bb2 78. Rg6+ Kc5 79. Rg8 Bc3 80. Rc8+ Kd6 81. Rb8 Kc6 82. Rc8+ Kd6 83. Ra8 Kc6 84. Ra6+ Kc5 85. Rg6 Bb2 86. Rg5+ Kc6 87. Rg2 Bc3 88. Rg4 Kc5 89. Rg8 Kc6 90. Rc8+ Kd6 1/2-1/2


[Site "https://www.chess.com"]

[Event "Titled Tuesday Blitz March 08 Early 2022"]
[White "Mirzanurov, Bulat"]
[Black "Derraugh, Geordie"]
[WhiteFideId "4184521"]
[BlackFideId "2603950"]
[WhiteElo "2116"]
[BlackElo "2116"]
[Result "0-1"]
[Round "10"]
[TimeControl "180+1"]
[Date "2022.03.09"]
[WhiteClock "0:00:20"]
[BlackClock "0:00:27"]

1. e4 c5 2. Nf3 d6 3. d4 cxd4 4. Nxd4 Nf6 5. Nc3 a6 6. Bg5 e6 7. f4 Qc7 8. Qf3 b5 9. a3 Bb7 10. O-O-O Nbd7 11. g4 Nc5 12. Bd3 Rc8 13. Kb1 Be7 14. Nb3 h6 15. Bh4 Nfxe4 16. Bxe4 Nxe4 17. Bxe7 Nd2+ 18. Nxd2 Bxf3 19. Nxf3 Qxe7 20. Ne4 d5 21. Nc3 Rxc3 22. bxc3 Qxa3 23. Rd3 O-O 24. Ne5 Qa5 25. g5 hxg5 26. fxg5 Qc7 27. Re1 g6 28. h4 Kg7 29. Ng4 Rh8 30. Rh1 Qf4 31. Nh6 f5 32. Re1 Re8 33. Rxd5 exd5 34. Rxe8 Qxh4 35. Re7+ Kf8 36. Rf7+ Ke8 37. Rg7 Qxg5 38. Ng8 Kf8 0-1


[Site "https://www.chess.com"]

[Event "Titled Tuesday Blitz March 08 Early 2022"]
[White "Mirzoev, Azer"]
[Black "Orlov, Georgi"]
[WhiteFideId "13400304"]
[BlackFideId "2011271"]
[WhiteElo "2525"]
[BlackElo "2553"]
[Result "1-0"]
[Round "10"]
[TimeControl "180+1"]
[Date "2022.03.08"]
[WhiteClock "0:00:03"]
[BlackClock "0:00:03"]

1. d4 Nf6 2. Nf3 e6 3. Bg5 d5 4. e3 Be7 5. c4 Nbd7 6. Nbd2 Ne4 7. Bxe7 Qxe7 8. Rc1 Ndf6 9. a3 O-O 10. Be2 b6 11. cxd5 exd5 12. O-O c5 13. dxc5 bxc5 14. Nxe4 dxe4 15. Nd2 Rb8 16. Qc2 Qe5 17. Nc4 Qg5 18. Rfd1 Be6 19. Rd2 h5 20. Nd6 Qe5 21. Qxc5 Qxc5 22. Rxc5 Rfd8 23. Rc6 Rd7 24. Ba6 Bd5 25. Rc8+ Rxc8 26. Nxc8 Rc7 27. Nd6 Rc1+ 28. Bf1 Kf8 29. h4 g6 30. Rd4 Ke7 31. Nc4 Bc6 32. Nd2 Bb5 33. f3 exf3 34. gxf3 Bxf1 35. Nxf1 Rb1 36. Rd2 Nd7 37. Kf2 Ne5 38. b4 Nc4 39. Rd4 Rb2+ 40. Kg3 Nxa3 41. Nd2 Nb5 42. Rd5 Nd6 43. e4 Rc2 44. Kf4 f6 45. Ke3 Rc3+ 46. Ke2 Nf7 47. Ra5 Rc7 48. Nb3 Ne5 49. Nc5 Nc4 50. Ra6 Nb6 51. f4 Kf7 52. f5 Re7 53. fxg6+ Kxg6 54. Kf3 f5 55. exf5+ Kxf5 56. Ra5 Nc4 57. Rb5 Ne5+ 58. Kg2 Kg4 59. Ne4 Nd3 60. Nf6+ Kxh4 61. Rxh5# 1-0


[Site "https://www.chess.com"]

[Event "Titled Tuesday Blitz March 08 Early 2022"]
[White "Miszler, Levente"]
[Black "Zaichenko, Daria"]
[WhiteFideId "763276"]
[BlackFideId "4197453"]
[WhiteElo "1966"]
[BlackElo "2039"]
[Result "1-0"]
[Round "10"]
[TimeControl "180+1"]
[Date "2022.03.09"]
[WhiteClock "0:00:05"]
[BlackClock "0:00:06"]

1. Nf3 Nf6 2. c4 e6 3. g3 d5 4. Bg2 Be7 5. O-O O-O 6. b3 c5 7. Bb2 d4 8. e3 dxe3 9. fxe3 Nc6 10. d4 b6 11. Ne5 Nxe5 12. Bxa8 Neg4 13. Qe2 cxd4 14. exd4 e5 15. dxe5 Bc5+ 16. Kh1 Nf2+ 17. Rxf2 Bxf2 18. Qxf2 Qd1+ 19. Qg1 Qe2 20. Bd4 Ne4 21. Nc3 Nxc3 22. Bxc3 Bg4 23. Bg2 Rd8 24. Re1 Qc2 25. Ba1 Qxa2 26. Qf1 Rd2 27. Bc3 Rc2 28. Qd3 g6 29. Qd8+ Kg7 30. Qf6+ Kg8 31. Qd8+ Kg7 32. e6+ Rxc3 33. exf7 Kxf7 34. Re7+ Kf6 35. Qd6+ Kg5 36. Qf4+ Kh5 37. Re5+ Bf5 38. Bf3+ Rxf3 39. Qxf3+ Kh6 40. Qf4+ Kg7 41. Qd4 Qb1+ 42. Re1+ Kh6 43. Rxb1 Bxb1 44. Qf4+ g5 45. Qc7 Bg6 46. Qxa7 g4 47. Qxb6 Kh5 48. c5 h6 49. c6 Be4+ 50. Kg1 Kg5 51. c7 Bf3 52. Qe3+ Kh5 53. Qxf3 gxf3 54. c8=Q f2+ 55. Kxf2 Kg5 56. Qc5+ Kg4 57. Qd4+ Kh3 58. Qh4# 1-0


[Site "https://www.chess.com"]

[Event "Titled Tuesday Blitz March 08 Early 2022"]
[White "Mohammad Fahad, Rahman"]
[Black "Kanyamarala, Tarun"]
[WhiteFideId "10207791"]
[BlackFideId "45004714"]
[WhiteElo "2323"]
[BlackElo "2075"]
[Result "1-0"]
[Round "10"]
[TimeControl "180+1"]
[Date "2022.03.09"]
[WhiteClock "0:00:08"]
[BlackClock "0:00:14"]

1. Nf3 f5 2. b3 Nf6 3. Bb2 e6 4. c4 Be7 5. Nc3 O-O 6. g3 d6 7. Bg2 e5 8. d3 Qe8 9. O-O Qh5 10. Rc1 f4 11. Nd5 Bd8 12. Nxf6+ Rxf6 13. c5 Nc6 14. cxd6 cxd6 15. d4 e4 16. d5 Rh6 17. h4 exf3 18. Bxf3 Qg6 19. h5 Qg5 20. dxc6 bxc6 21. Rxc6 Be6 22. Qxd6 fxg3 23. Qxg3 Qxg3+ 24. fxg3 Bb6+ 25. Rxb6 axb6 26. Bxa8 Rxh5 27. Bf3 Ra5 28. Ra1 Rc5 29. Rc1 Ra5 30. Rc7 Rxa2 31. Rxg7+ Kf8 32. Be5 Ra5 33. Rg5 h6 34. Bd6+ Kf7 35. Rxa5 bxa5 36. Bc7 Bc4 37. bxc4 1-0


[Site "https://www.chess.com"]

[Event "Titled Tuesday Blitz March 08 Early 2022"]
[White "Morefield, Jason"]
[Black "Moskvin, Anatoly"]
[WhiteFideId "30920825"]
[BlackFideId "24199990"]
[WhiteElo "2171"]
[BlackElo "2079"]
[Result "1-0"]
[Round "10"]
[TimeControl "180+1"]
[Date "2022.03.09"]
[WhiteClock "0:00:50"]
[BlackClock "0:00:04"]

1. d4 Nf6 2. c4 c5 3. d5 b5 4. cxb5 a6 5. bxa6 Bxa6 6. Nc3 g6 7. e4 Bxf1 8. Kxf1 d6 9. Nf3 Bg7 10. g3 O-O 11. Kg2 Nbd7 12. a4 Qb6 13. Qc2 Qb7 14. Rd1 Ng4 15. Ra3 f5 16. Ng5 Bxc3 17. Rxc3 fxe4 18. Qxe4 Nge5 19. Qh4 Nf6 20. Bf4 Rxa4 21. Qh3 Neg4 22. Rf3 h5 23. Rfd3 e5 24. Bc1 Nxd5 25. Kg1 Rd4 26. Rxd4 cxd4 27. Qg2 Qb3 28. Rf1 Ndf6 29. h3 Nh6 30. Qc6 Qd5 31. Qxd5+ Nxd5 32. Ne4 Nf5 33. g4 hxg4 34. hxg4 Nh4 35. Nxd6 Nf3+ 36. Kg2 Nf4+ 37. Kxf3 Nd3+ 38. Ke4 Nxc1 39. Rxc1 Rxf2 40. Kxe5 Rxb2 41. Ne4 Rg2 42. g5 d3 43. Rd1 d2 44. Rxd2 Rxg5+ 45. Nxg5 Kg7 46. Rd7+ Kh6 47. Kf4 Kh5 48. Rh7# 1-0


[Site "https://www.chess.com"]

[Event "Titled Tuesday Blitz March 08 Early 2022"]
[White "Murzin, Volodar"]
[Black "Matlakov, Maxim"]
[WhiteFideId "44155573"]
[BlackFideId "4168003"]
[WhiteElo "2585"]
[BlackElo "2669"]
[Result "0-1"]
[Round "10"]
[TimeControl "180+1"]
[Date "2022.03.08"]
[WhiteClock "0:00:07"]
[BlackClock "0:00:02"]

1. e4 c5 2. Nf3 e6 3. g3 Nc6 4. Bg2 Nf6 5. Qe2 e5 6. Nc3 d6 7. Nd5 Be7 8. O-O Be6 9. Ne1 O-O 10. c3 Bxd5 11. exd5 Nb8 12. Nc2 Nbd7 13. d3 Re8 14. Ne3 b5 15. a4 a6 16. Bd2 Qb6 17. b4 Bf8 18. Rfb1 e4 19. dxe4 Nxe4 20. Bxe4 Rxe4 21. axb5 cxb4 22. cxb4 Ne5 23. bxa6 g6 24. b5 Bh6 25. Ba5 Qd4 26. Rd1 Qc5 27. Rdc1 Rxe3 28. Rxc5 Rxe2 29. Rc7 Rb2 30. Rb7 Nc4 31. a7 Rxa7 32. Rb8+ Bf8 33. Rc1 Nxa5 34. Rcc8 Kg7 35. Rxf8 Rb1+ 36. Kg2 Nc4 37. Rg8+ Kf6 38. h4 Ra5 39. g4 Raxb5 40. Rbe8 Rxd5 41. g5+ Kf5 42. Rg7 Ne5 43. Rxh7 Rd4 0-1


[Site "https://www.chess.com"]

[Event "Titled Tuesday Blitz March 08 Early 2022"]
[White "Neiksans, Arturs"]
[Black "Moroni, Luca Jr"]
[WhiteFideId "11601388"]
[BlackFideId "865834"]
[WhiteElo "2447"]
[BlackElo "2573"]
[Result "1-0"]
[Round "10"]
[TimeControl "180+1"]
[Date "2022.03.08"]
[WhiteClock "0:00:23"]
[BlackClock "0:00:02"]

1. e4 d6 2. d4 e5 3. dxe5 dxe5 4. Qxd8+ Kxd8 5. Bc4 f6 6. f4 Bd6 7. fxe5 Bxe5 8. Nf3 Nc6 9. Nxe5 Nxe5 10. Bb3 Ne7 11. Nc3 c6 12. Bf4 Kc7 13. Bxe5+ fxe5 14. O-O Ng6 15. Rf7+ Kb6 16. Rxg7 Nf4 17. Rd1 h5 18. h4 Bg4 19. Rd2 Rad8 20. Rf2 Ka6 21. Re7 Rhe8 22. Bc4+ b5 23. Rxe8 Rxe8 24. Bf1 Rd8 25. a4 Bd7 26. Rd2 Kb6 27. axb5 Kc7 28. g3 Rg8 29. Kh2 Ne6 30. Bh3 Nd4 31. Rf2 Bxh3 32. Kxh3 cxb5 33. Nd5+ Kd6 34. c3 Ne6 35. Rf6 a5 36. Rh6 Rf8 37. Nf6 Rf7 38. Kg2 a4 39. Nxh5 Kc5 40. Rxe6 Kc4 41. Rxe5 Rd7 42. Rd5 Re7 43. Kf3 Kb3 44. Rxb5+ Ka2 45. Rb4 Rf7+ 46. Nf4 1-0


[Site "https://www.chess.com"]

[Event "Titled Tuesday Blitz March 08 Early 2022"]
[White "Nguyen Hong Nhung"]
[Black "Dwilewicz, Katarzyna"]
[WhiteFideId "12412201"]
[BlackFideId "1148486"]
[WhiteElo "1661"]
[BlackElo "1907"]
[Result "1-0"]
[Round "10"]
[TimeControl "180+1"]
[Date "2022.03.09"]
[WhiteClock "0:01:51"]
[BlackClock "0:00:03"]

1. e4 c5 2. Nc3 d6 3. f4 g6 4. Nf3 Bg7 5. Bc4 e6 6. O-O Ne7 7. d3 Nbc6 8. Qe1 a6 9. a4 O-O 10. f5 d5 11. Ba2 d4 12. Ne2 exf5 13. Qh4 h5 14. Bg5 fxe4 15. dxe4 Bg4 16. Nf4 Qd7 17. h3 Bxf3 18. Rxf3 Rae8 19. Raf1 b5 20. axb5 axb5 21. Nxh5 gxh5 22. Bxf7+ Rxf7 23. Rxf7 Ne5 24. Rxg7+ Kxg7 25. Bf6+ Kg8 26. Bxe5 Ng6 27. Qg5 Rxe5 28. Qxg6+ Qg7 29. Qc6 Rg5 30. Rf2 Kh7 31. Qxb5 h4 32. Qd3 Kh6 33. Qa6+ Rg6 34. Qb5 Rg5 35. Qc6+ Kh5 36. Qe8+ Kh6 37. Qe6+ Kh5 38. Kh1 Rg6 39. Qf5+ Rg5 40. Qc8 Kh6 41. Qc6+ Kh5 42. b3 Rg6 43. Qxc5+ Rg5 44. Qc4 Kh6 45. Qe2 Kh7 46. Rf4 Rg3 47. Rxh4+ Kg8 48. Rg4 Rxg4 49. Qxg4 Qxg4 50. hxg4 Kf7 51. Kg1 Ke7 52. Kf2 1-0


[Site "https://www.chess.com"]